 Dungeon Crawl Stone Soup version 0.27.1-1-g398f81649c (webtiles) character file.

Game seed: 17290433422737105149

482 ZARRMARR the Sneak (level 7, 0/49 HPs)
             Began as an Octopode Monk on Sept 9, 2021.
             Slain by a goblin (7 damage)
             ... led by Robin
             ... on level 3 of the Dungeon.
             The game lasted 00:08:51 (3515 turns).

ZARRMARR the Sneak (Octopode Monk)                  Turns: 3515, Time: 00:08:53

Health: 0/49       AC:  1    Str: 10    XL:     7   Next: 12%
Magic:  7/7        EV: 14    Int: 15    God:
Gold:   105        SH:  0    Dex: 14    Spells: 6/6 levels left

rFire    . . .     SeeInvis .   h - +1 dagger (speed)
rCold    . . .     Faith    .   (no shield)
rNeg     . . .     Spirit   .   (helmet restricted)
rPois    .         Reflect  .   (no amulet)
rElec    .         Harm     .   (no ring)
rCorr    .         Rampage  .   (no ring)
Will     .....                  (no ring)
Stlth    ++++......             (no ring)
HPRegen  0.16/turn              (no ring)
MPRegen  0.10/turn              (no ring)
                                (no ring)
                                (no ring)

@: about to teleport, hasted, very quick
A: almost no armour, amphibious, 8 rings, camouflage 1, gelatinous body 1,
(nimble swimmer 1), tentacles
a: no special abilities


You were on level 3 of the Dungeon.
You visited 1 branch of the dungeon, and saw 3 of its levels.
You also visited: Sewer.

You collected 105 gold pieces.

Inventory:

Hand Weapons
 h - a +1 dagger of speed (weapon)
Missiles
 i - a curare-tipped dart (quivered)
 m - 12 poisoned darts
Wands
 c - a wand of digging (6)
Scrolls
 b - a scroll of teleportation
 e - 4 scrolls of amnesia
 l - a scroll of identify
Potions
 d - 3 potions of brilliance
 f - 2 potions of haste
 g - 2 potions of flight {unknown}
 j - 2 potions of mutation {unknown}
 k - a potion of experience {unknown}
 n - a potion of resistance {unknown}
 o - 2 potions of might {unknown}
 p - a potion of magic {unknown}


   Skills:
 + Level 4.7 Fighting
 + Level 4.6 Short Blades
 + Level 4.6 Dodging
 + Level 5.7 Stealth


You had 6 spell levels left.
You didn't know any spells.
Your spell library was empty.

Dungeon Overview and Level Annotations

Branches:
Dungeon (3/15)              Sewer (visited)

Altars:


Innate Abilities, Weirdness & Mutations

You cannot wear most types of armour.
You are amphibious.
You can wear up to eight rings at the same time.
Your skin changes colour to match your surroundings (Stealth+).
Your rubbery body absorbs attacks. (AC +1, EV +1)
((You are camouflaged near water. (Stealth+)))
You have tentacles for arms and can constrict up to eight enemies at once.


Message History

You constrict Robin. You barely miss Robin.
Robin is moderately wounded.
You constrict Robin.
Robin roars a battlecry!
The goblin misses you.
You hit Robin.
Robin is heavily wounded.
You constrict Robin, but do no damage.
A hobgoblin comes into view.
The goblin barely misses you.
You hit Robin but do no damage.
Robin is heavily wounded.
You constrict Robin. The goblin misses you. Robin barely misses you.
The goblin hits you with a +0 dagger. The goblin barely misses you.
The hobgoblin misses you.
You hit Robin but do no damage.
Robin is heavily wounded.
You constrict Robin. You hit Robin.
Robin is almost dead.
You constrict Robin.
You kill Robin!
The goblin barely misses you. The goblin misses you.
The goblin barely misses you. The goblin closely misses you.
The hobgoblin closely misses you.
As you read the scroll of teleportation, it crumbles to dust.
You feel strangely unstable. The goblin barely misses you.
The goblin hits you with a +0 club. x2; The goblin hits you with a +0 dagger.
The goblin hits you with a +0 club. The goblin completely misses you.
The goblin hits you with a +0 dagger.
The hobgoblin hits you but does no damage.
Unknown command.
It was a potion of haste.
You feel yourself speed up. The goblin hits you with a +0 club.
* * * LOW HITPOINT WARNING * * *
The goblin hits you with a +0 club.
* * * LOW HITPOINT WARNING * * *
The goblin hits you with a +0 club!
You die...

###### ############
####....# #...........
........# #...........
.....$..#####..........)
.......g................
......ggg...............
.....gg@gg....[.........
##....ggg...............
#......................
#......................
#.....g.............)..
.............)..........
......#.#####...........
......#+# #.#.......<
#.#######


You could see 4 hobgoblins and 8 goblins.

Vanquished Creatures
  3 kobold brigands (Sewer)
  Terence (D:2)
  Robin (D:3)
  3 gnolls (D:2)
  6 adders
  9 river rats (Sewer)
  A worm (D:2)
  A dart slug (D:2)
  2 endoplasms
  3 giant cockroaches
  4 goblins
  3 hobgoblins (D:1)
  2 jackals (D:2)
  16 kobolds
  5 quokkas
  6 ball pythons
  6 bats
  3 frilled lizards
  17 rats
92 creatures vanquished.

Notes
Turn   | Place    | Note
-------+----------+-------------------------------------------
     0 | D:1      | ZARRMARR the Octopode Monk began the quest for the Orb.
     0 | D:1      | Reached XP level 1. HP: 16/16 MP: 1/1
     6 | D:1      | Noticed a black mamba
     6 | D:1      | Noticed a hound
     6 | D:1      | Noticed a killer bee
     7 | D:1      | Noticed a swamp drake
     7 | D:1      | Noticed a black bear
   111 | D:1      | Reached skill level 3 in Stealth
   124 | D:1      | Reached XP level 2. HP: 13/21 MP: 2/2
   781 | D:1      | Found a faded altar of an unknown god.
  1132 | D:2      | Reached XP level 3. HP: 20/26 MP: 3/3
  1298 | D:2      | Noticed Terence
  1319 | D:2      | Killed Terence
  1320 | D:2      | Reached XP level 4. HP: 6/31 MP: 4/4
  1809 | D:2      | Reached skill level 4 in Stealth
  2247 | D:3      | Found a glowing drain.
  2274 | Sewer    | Entered a sewer
  2301 | Sewer    | Reached XP level 5. HP: 27/37 MP: 5/5
  2389 | Sewer    | Noticed a kobold brigand
  2399 | Sewer    | Killed a kobold brigand
  2581 | Sewer    | Noticed a kobold brigand
  2612 | Sewer    | Killed a kobold brigand
  2613 | Sewer    | Reached skill level 5 in Stealth
  2613 | Sewer    | Reached XP level 6. HP: 14/43 MP: 6/6
  3171 | Sewer    | Reached XP level 7. HP: 49/49 MP: 7/7
  3501 | D:3      | Noticed Robin
  3513 | D:3      | Killed Robin
  3515 | D:3      | Slain by a goblin

Illustrated notes

Levels and vault maps discovered:
D:1:      onia_arrival_zoo_common, layout_loops_ring,
          dreamdust_ecumenical_altar_grove
D:2:      wander_river, layout_basic, uniq_terence
D:3:      layout_basic, nicolae_qazlal_eye_of_the_storm, portal_sewer_entry_f,
          minmay_vboxes, uniq_robin

Skill      XL: |  1  2  3  4  5 |
---------------+----------------+-----
Stealth        | 3 4 5 |  5.7
Fighting       | 4 |  4.7
Short Blades   | 4 |  4.6
Dodging        | 4 |  4.6

Action                   |  1- 3 |  4- 6 |  7- 9 || total
-------------------------+-------+-------+-------++-------
Melee: Short sword       |    50 |       |       ||    50
       Constrict         |    11 |    31 |     7 ||    49
       Tentacles         |     6 |    29 |     8 ||    43
       Dagger            |       |   134 |    30 ||   164
  Use: Scroll            |     3 |     1 |     1 ||     5
       Potion            |     1 |       |     1 ||     2
 Stab: Sleeping          |     8 |    11 |     1 ||    20
Armor: Skin              |    10 |     3 |     3 ||    16
Dodge: Dodged            |    23 |    58 |    26 ||   107
